 Dungeon Crawl Stone Soup version 0.31-a0-152-g6aa68a64a1 (webtiles) character file.

Game seed: 16285845163653357832

2403 Drazool the Carver (level 9, -1/61 HPs)
             Began as a Demonspawn Gladiator on June 10, 2023.
             Slain by an orc
             ... wielding a +0 trident
              (6 damage)
             ... in a bailey.
             The game lasted 00:21:16 (7474 turns).

Drazool the Carver (Demonspawn Gladiator)           Turns: 7474, Time: 00:21:16

Health: -1/61      AC:  5    Str: 14    XL:     9   Next: 23%
Magic:  8/8        EV: 12    Int: 10    God:
Gold:   192        SH:  0    Dex: 19    Spells: 8/8 levels left

rFire   . . .        E - +0 scimitar
rCold   . . .        (no shield)
rNeg    . . .        B - +0 leather armour
rPois   .            (helmet unavailable)
rElec   .            (no cloak)
rCorr   .            (no gloves)
SInv    .            (no boots)
Will    ++...        (no amulet)
Stlth   +            (no ring)
HPRegen 0.30/turn    (no ring)
MPRegen 0.22/turn

%: no passive effects
@: mighty, enlightened, flying
A: horns 3, molten scales 1, ignite blood 1, magic regeneration, low MP 1,
strong-willed 1
a: no special abilities


You were in a bailey.
You visited 2 branches of the dungeon, and saw 8 of its levels.
You also visited: Ossuary and Bailey.

You collected 334 gold pieces.
You spent 142 gold pieces at shops.


Innate Abilities, Weirdness & Mutations

You have a pair of large horns on your head.
You are partially covered in molten scales. (AC +2)
Your demonic aura sometimes causes spilled blood to erupt in flames.
You regenerate magic rapidly.
Your magical capacity is low. (-10% MP)
You are strong-willed. (Will+)


   Skills:
 - Level 2.0 Fighting
 + Level 11.7 Long Blades
 - Level 1.7 Throwing
 - Level 2.6 Dodging


You had 8 spell levels left.
You didn't know any spells.
Your spell library contained the following spells:

 Spells                   Type           Power      Damage    Failure   Level
 Shock                    Conj/Air       0%         1d3       43%         1
 Ensorcelled Hibernation  Hex/Ice        0%         N/A       58%         2
 Passwall                 Tmut/Erth      0%         N/A       58%         2
 Swiftness                Air            0%         N/A       82%         3
 Airstrike                Air            0%         2d(0-16)  99%         4

Inventory:

Hand Weapons
 a - a +0 long sword
 b - a +0 orcbow
 E - a +0 scimitar (weapon)
Missiles
 d - a throwing net {=f}
 e - a javelin
 i - 6 poisoned darts (quivered)
Armour
 c - a +0 helmet
 B - a +0 leather armour (worn)
Magical Staves
 k - a staff of poison {!a}
Jewellery
 I - a +6 ring of intelligence
 L - a ring of flight
Wands
 z - a wand of flame (18)
Scrolls
 f - a scroll of blinking
 j - a scroll of vulnerability
 m - a scroll of amnesia
 n - 4 scrolls of magic mapping
 p - a scroll of fog {unknown}
 s - a scroll of enchant weapon {unknown}
 t - 2 scrolls of noise
 x - a scroll of poison {unknown}
 y - 2 scrolls of teleportation {@r2}
 A - a scroll of immolation {unknown}
 C - a scroll of silence {unknown}
 D - a scroll of enchant armour
Potions
 h - 2 potions of brilliance
 l - a potion of haste {@q3}
 o - a potion of invisibility
 q - a potion of heal wounds {unknown}
 r - a potion of curing {@q1}
 v - a potion of attraction {unknown}
 w - a potion of lignification {unknown}

Dungeon Overview and Level Annotations

Branches:
Dungeon (7/15)             Temple (1/1) D:4         Ossuary (visited)
 Bailey (1/1)

Altars:
Ashenzari
Cheibriados
Dithmenos
Fedhas
Gozag
Hepliaklqana
Kikubaaqudgha
Makhleb
Nemelex Xobeh
Okawaru
Ru
Sif Muna
Trog
Uskayaw
Vehumet
Wu Jian
Xom
Yredelemnul

Shops:
D:6 *[=

Annotations:
D:2 1 runed translucent door, Crazy Yiuf

▒▒▒▒▒▒▒▒▒▒▒▒
▒..oo○@).∩.▒▒
▒...oo▒).....▒
▒....▒▒▒.....▒
.'.....8.....∩▒
.▒....▒▒▒.....▒
▒... ▒......▒
▒▒. .....∩.▒▒
▒▒ ▒▒▒▒▒▒▒▒▒


You could see 4 orcs.


Message History

You slash the orc!
You kill the orc!
The orc hits you but does no damage.
The orc hits you from afar with a +0 trident.
You slash the orc!
You kill the orc!
The orc hits you but does no damage. The orc barely misses you.
The orc hits you with a +0 trident.
* * * LOW HITPOINT WARNING * * *
The orc hits you from afar with a +0 halberd!
* * * LOW HITPOINT WARNING * * *
You hit the orc.
You kill the orc!
The orc hits you from afar with a +0 trident.
* * * LOW HITPOINT WARNING * * *
The orc barely misses you. The orc hits you with a +0 trident.
* * * LOW HITPOINT WARNING * * *
The orc hits you but does no damage. The orc closely misses you.
Things that are here:
a +0 trident; a +0 scale mail; an orc corpse You barely miss the orc.
The orc misses you. The orc hits you but does no damage.
The orc hits you with a +0 halberd!
* * * LOW HITPOINT WARNING * * *
Unknown command.
The orc attacks as you move away! The orc hits you with a +0 halberd.
* * * LOW HITPOINT WARNING * * *
The orc attacks as you move away! The orc closely misses you.
The orc hits you from afar with a +0 trident.
You die...

Skill      XL: |  1  2  3  4  5  6  7  8 |
---------------+-------------------------+-----
Long Blades    | 3 5 6 7 9 11 | 11.7
Fighting       | |  2.0
Throwing       | |  1.7
Dodging        | |  2.6

Action                     |  1- 3 |  4- 6 |  7- 9 || total
---------------------------+-------+-------+-------++-------
  Melee: Long sword        |    75 |   153 |   281 ||   509
         Punch             |     1 |     1 |     4 ||     6
         Headbutt          |     2 |    29 |    62 ||    93
         Scimitar          |       |       |    33 ||    33
   Fire: Orcbow            |       |       |    12 ||    12
  Throw: Throwing net      |     2 |     2 |     1 ||     5
         Dart              |       |       |     1 ||     1
  Evoke: Wand              |       |       |     4 ||     4
    Use: Scroll            |       |     2 |     5 ||     7
         Potion            |       |       |     9 ||     9
   Stab: Sleeping          |     3 |     5 |     1 ||     9
         Held in net/web   |       |       |     1 ||     1
 Armour: Leather armour    |    13 |    42 |    80 ||   135
  Dodge: Dodged            |    38 |    72 |   176 ||   286

Levels and vault maps discovered:
D:1:      dpeg_arrival_round_a, layout_loops_ring, minmay_statues_item
D:2:      layout_loops_corners, hellmonk_ecumenical_altar_pennies_from_heaven,
          uniq_crazy_yiuf_cottage, uniq_sigmund, uniq_terence
D:3:      layout_basic, mainiacjoe_overflow_swirl, serial_bayou_ford_a
D:4:      minmay_evil_eye, layout_cave_pools, okawaru_metal_pillars_1_2,
          minmay_temple_entry_offerings, enter_ossuary_4, nrook_uturn
D:5:      layout_basic, xom_teletrap_fun, vehumet_crystals, st_stairs_4,
          uniq_menkaure
D:6:      layout_basic, makhleb_heckhound_becter, serial_shops, shop, shop,
          nicolae_lakefront_shop
D:7:      layout_basic, enter_bailey_5, gammafunk_ghost_berserking_beasts,
          minmay_ruined_shrine, uniq_pikel, uniq_duvessa
Temple:   nicolae_temple_two_arcs
Bailey:   bailey_polearm_5, bailey

Notes
Turn   | Place    | Note
-------+----------+-------------------------------------------
     0 | D:1      | Drazool the Demonspawn Gladiator began the quest for the
                  | Orb.
     0 | D:1      | Reached XP level 1. HP: 16/16 MP: 1/1
    94 | D:1      | Reached skill level 3 in Long Blades
   162 | D:1      | Gained mutation: Your demonic aura sometimes causes spilled
                  | blood to erupt in flames. [demonic ancestry]
   162 | D:1      | Reached XP level 2. HP: 22/22 MP: 2/2
   585 | D:2      | Gained mutation: You have a pair of small horns on your
                  | head. [demonic ancestry]
   585 | D:2      | Reached XP level 3. HP: 27/27 MP: 3/3
   597 | D:2      | Reached skill level 4 in Long Blades
   890 | D:2      | Noticed Sigmund
   900 | D:2      | Killed Sigmund
   901 | D:2      | Reached skill level 5 in Long Blades
   901 | D:2      | Gained mutation: You regenerate magic rapidly. [demonic
                  | ancestry]
   901 | D:2      | Reached XP level 4. HP: 10/33 MP: 4/4
   901 | D:2      | Gained mutation: You are partially covered in molten
                  | scales. (AC +2) [demonic ancestry]
   901 | D:2      | Reached XP level 5. HP: 12/38 MP: 5/5
  1180 | D:2      | Noticed Terence
  1195 | D:2      | Killed Terence
  1196 | D:2      | Reached skill level 6 in Long Blades
  1284 | D:2      | Found a faded altar of an unknown god.
  1519 | D:2      | Found a runed translucent door.
  1520 | D:2      | Noticed Crazy Yiuf
  1921 | D:3      | Found a sacrificial altar of Ru.
  1986 | D:3      | Gained mutation: You have a pair of horns on your head.
                  | [demonic ancestry]
  1986 | D:3      | Reached XP level 6. HP: 43/44 MP: 6/6
  2903 | D:4      | Found a sand-covered staircase.
  2926 | Ossuary  | Entered an ossuary
  2943 | Ossuary  | Reached skill level 7 in Long Blades
  3051 | Ossuary  | Reached XP level 7. HP: 42/50 MP: 7/7
  3471 | D:4      | Found an iron altar of Okawaru.
  3515 | D:4      | Reached skill level 8 in Long Blades
  3725 | D:4      | Found a staircase to the Ecumenical Temple.
  3743 | Temple   | Entered the Ecumenical Temple
  4284 | D:5      | Entered Level 5 of the Dungeon
  4405 | D:5      | Reached skill level 9 in Long Blades
  4405 | D:5      | Gained mutation: You have a pair of large horns on your
                  | head. [demonic ancestry]
  4405 | D:5      | Reached XP level 8. HP: 48/56 MP: 8/8
  4680 | D:5      | Found a shimmering altar of Xom.
  4768 | D:5      | Found a radiant altar of Vehumet.
  4834 | D:5      | Noticed Menkaure
  4846 | D:5      | Gained mutation: Your magical capacity is low. (-10% MP)
                  | [potion of mutation]
  4846 | D:5      | Gained mutation: You are strong-willed. (Will+) [potion of
                  | mutation]
  4850 | D:5      | Killed Menkaure
  4851 | D:5      | Reached skill level 10 in Long Blades
  6225 | D:6      | Found Luschud's Jewellery Shop.
  6230 | D:6      | Found a burning altar of Makhleb.
  6248 | D:6      | Reached skill level 11 in Long Blades
  6575 | D:6      | Found Plog's Antique Armour Shop.
  6617 | D:6      | Reached XP level 9. HP: 51/61 MP: 8/8
  6798 | D:6      | Found Iraunis's General Store.
  6806 | D:6      | Bought a scroll of enchant armour for 112 gold pieces
  6806 | D:6      | Bought a scroll of identify for 30 gold pieces
  7193 | D:7      | Found a flagged portal.
  7195 | D:7      | Noticed Dowan
  7197 | D:7      | Noticed Duvessa
  7211 | D:7      | Killed Duvessa
  7216 | D:7      | Killed Dowan
  7335 | Bailey   | Entered a bailey
  7473 | Bailey   | HP: 6/61 [orc/+0 halberd (7)]
  7474 | Bailey   | Slain by an orc

Vanquished Creatures
  Sigmund (D:2)
  Menkaure (D:5)
  Duvessa (D:7)
  A sky beast (D:6)
  A black bear (D:6)
  An ice beast (D:5)
  2 orc warriors (D:6)
  A centaur (D:5)
  An ogre (D:5)
  A phantom (D:4)
  A kobold brigand (D:6)
  2 bullfrogs (D:6)
  2 scorpions
  4 water moccasin zombies (Ossuary)
  Dowan (D:7)
  A howler monkey (D:4)
  A jelly (D:5)
  A hound (D:6)
  5 orc priests
  A sleepcap (D:5)
  Terence (D:2)
  2 iguanas (D:5)
  2 orc wizards
  2 mummies (Ossuary)
  3 gnolls
  10 adders
  2 white imps (D:5)
  An ufetubus (D:5)
  7 adder zombies (Ossuary)
  4 worms
  2 dart slugs (D:4)
  25 orcs
  5 ball pythons
  9 endoplasms
  5 giant cockroaches
  11 goblins
  6 hobgoblins
  13 jackals
  10 kobolds
  4 quokkas
  A bat (D:2)
  3 frilled lizards (D:1)
  A gnoll zombie (Ossuary)
  2 goblin zombies (D:4)
  5 hobgoblin zombies (Ossuary)
  4 kobold zombies (Ossuary)
  2 orc zombies (Ossuary)
  4 rats
176 creatures vanquished.

Table legend: (Time is in decaauts)
 A = Elapsed time spent in this place.
 B = Non-inter-level travel time spent in this place.
 C = Inter-level travel time spent in this place.
 D = Time resting spent in this place.
 E = Time spent auto-exploring this place.
 F = Levels seen in this place.
 G = Mean time per level.
                   A        B        C        D        E       F      G
               +--------+--------+--------+--------+--------+-----+--------+
         Total |   7486 |   7276 |    210 |   1305 |   4458 |  10 |  748.6 |
       Dungeon |   6735 |   6532 |    203 |    966 |   4245 |   7 |  962.1 |
        Temple |    119 |    112 |      7 |      0 |    106 |   1 |  119.0 |
       Ossuary |    495 |    495 |      0 |    243 |    103 |   1 |  495.0 |
        Bailey |    135 |    135 |      0 |     96 |      4 |   1 |  135.0 |
               +--------+--------+--------+--------+--------+-----+--------+

Top non-repeatable levels by time:
     D:6: 1453 daAuts
     D:5: 1384 daAuts
     D:2: 1165 daAuts
     D:3: 1120 daAuts
     D:4: 828 daAuts
     D:1: 591 daAuts
 Ossuary: 495 daAuts
     D:7: 192 daAuts
  Bailey: 135 daAuts
  Temple: 119 daAuts

Table legend:
 A = Non-vault XP
 B = Vault XP
 C = Vault XP percentage of total XP
 D = Non-vault monster count
 E = Vault monster count
 F = Vault count percentage of total count
                 A         B        C        D         E       F
            +---------+---------+-------+---------+---------+-------
      Total |    2130 |    1303 |  38.0 |     127 |      49 |  27.8
            +---------+---------+-------+---------+---------+-------
        D:1 |      37 |       0 |   0.0 |      21 |       0 |   0.0
        D:2 |      50 |     277 |  84.7 |      20 |       2 |   9.1
        D:3 |     157 |       0 |   0.0 |      17 |       0 |   0.0
        D:4 |     294 |       6 |   2.0 |      21 |       4 |  16.0
        D:5 |     546 |     345 |  38.7 |      20 |       5 |  20.0
        D:6 |     997 |      43 |   4.1 |      25 |       1 |   3.8
        D:7 |      49 |     213 |  81.3 |       3 |       5 |  62.5
    Ossuary |       0 |     398 | 100.0 |       0 |      25 | 100.0
     Bailey |       0 |      21 | 100.0 |       0 |       7 | 100.0
            +---------+---------+-------+---------+---------+-------
